 Dungeon Crawl Stone Soup version 0.29.1-12-g30fa7ad0bf (webtiles) character file.

Game seed: 9145853021724158638

3532 wormed the Grappler (level 9, 0/91 (96) HPs)
             Began as a Troll Gladiator on Dec 26, 2022.
             Was a Believer of Elyvilon.
             Succumbed to Erica's bolt of poison
             ... while paralysed by Erica
             ... on level 8 of the Dungeon.
             The game lasted 00:11:51 (7052 turns).

wormed the Grappler (Troll Gladiator)               Turns: 7052, Time: 00:11:52

HP:   0/91 (96)     AC:  6    Str: 34    XL:     9   Next: 82%
MP:   8/11          EV:  1    Int:  4    God:    Elyvilon [**....]
Gold: 366           SH:  0    Dex: 11    Spells: 8/8 levels left

rFire   . . .      SeeInvis +     - Unarmed
rCold   . . .      Faith    .   (no shield)
rNeg    . . .      Spirit   .   d - +0 troll leather armour
rPois   .          Reflect  +   b - +0 hat
rElec   .          Harm     .   (no cloak)
rCorr   .          Rampage  .   (gloves unavailable)
Will    .....                   (boots unavailable)
Stlth   +.........              J - amulet of reflection
HPRegen 1.85/turn               t - ring of see invisible
MPRegen 0.12/turn               j - +6 ring of strength

@: paralysed, lethally poisoned (0 -> -2), slowed, drained
A: large, unfitting armour, claws 3, regeneration 1, shaggy fur 1, tough skin 1
a: Renounce Religion, Purification, Heal Other


You were on level 8 of the Dungeon.
You worshipped Elyvilon.
Elyvilon was pleased with you.
You visited 2 branches of the dungeon, and saw 9 of its levels.

You collected 470 gold pieces.
You spent 104 gold pieces at shops.

Inventory:

Missiles
 a - a large rock
 c - 4 throwing nets (quivered)
 f - 11 poisoned darts
 i - a curare-tipped dart
Armour
 b - a +0 hat (worn)
 d - a +0 troll leather armour (worn)
Jewellery
 j - a +6 ring of strength (right claw)
 t - a ring of see invisible (left claw)
 J - an amulet of reflection (around neck)
Wands
 p - a wand of quicksilver (14)
 v - a wand of mindburst (16)
 B - a wand of flame (7)
 E - a wand of digging (4)
Scrolls
 g - 4 scrolls of teleportation {unknown}
 k - a scroll of enchant weapon {unknown}
 m - 2 scrolls of blinking
 o - a scroll of amnesia {unknown}
 r - a scroll of poison {unknown}
 s - 4 scrolls of silence {unknown}
 x - a scroll of torment {unknown}
 y - 3 scrolls of magic mapping {unknown}
 A - a scroll of immolation {unknown}
 D - a scroll of fear {unknown}
 G - a scroll of vulnerability {unknown}
 H - a scroll of acquirement {unknown}
 I - a scroll of brand weapon {unknown}
Potions
 e - 4 potions of might
 h - 5 potions of mutation
 l - a potion of magic
 n - 3 potions of resistance
 q - 4 potions of cancellation {unknown}
 u - a potion of lignification
 w - 2 potions of ambrosia {unknown}
 z - 3 potions of degeneration {unknown}
 C - a potion of berserk rage {unknown}
 F - 2 potions of attraction {unknown}
 K - a potion of curing


   Skills:
 + Level 7.8 Fighting
 - Level 2.0 Throwing
 - Level 3.0 Dodging
 - Level 10.0 Unarmed Combat
 - Level 4.0 Invocations


You had 8 spell levels left.
You didn't know any spells.
Your spell library contained the following spells:

 Spells                   Type           Power      Damage    Failure   Level
 Dazzling Flash           Conj/Hex       0%         N/A       88%         3
 Agony                    Necr           0%         N/A       100%        5
 Silence                  Hex/Air        0%         N/A       100%        5


Dungeon Overview and Level Annotations

Branches:
Dungeon (8/15)             Temple (1/1) D:5
   Lair: D:8-11

Altars:
Cheibriados
Dithmenos
Elyvilon
Fedhas
Gozag
Hepliaklqana
Kikubaaqudgha
Makhleb
Nemelex Xobeh
Okawaru
Qazlal
Ru
Sif Muna
Trog
Uskayaw
Vehumet
Wu Jian
Xom
Yredelemnul
Zin
The Shining One

Shops:
D:3 ?

Annotations:
D:8 Erica


Innate Abilities, Weirdness & Mutations

You are too large for most types of armour.
You have claws for hands.
Your natural rate of healing is unusually fast.
You are covered in fur. (AC +1)
You have tough skin. (AC +1)


Message History

* * * LOW HITPOINT WARNING * * *
You block the wight's attack. The wight barely misses you.
Erica zaps a wand.
You resist with some effort.
You are healed.
You feel very sick. The wight hits you but does no damage.
The wight attacks as you move away! The wight hits you with a +0 dagger.
* * * LOW HITPOINT WARNING * * *
You feel drained.
* * * LOW HITPOINT WARNING * * *
You feel sick. The wight hits you with a +0 dagger.
* * * LOW HITPOINT WARNING * * *
You feel drained.
Erica looks angry.
Erica casts a spell at you. You resist with significant effort.
You are healed.
You can no longer provide healing for yourself.
You feel sick. The wight closely misses you.
You scratch Erica but do no damage.
You feel sick. Erica casts a spell at you. The bolt of poison hits you!
You are more poisoned.
The wight misses you.
Erica zaps a wand.
You suddenly lose the ability to move!
The wight hits you with a +0 dagger.
* * * LOW HITPOINT WARNING * * *
You feel very sick. The wight hits you with a +0 dagger.
* * * LOW HITPOINT WARNING * * *
You feel drained.
* * * LOW HITPOINT WARNING * * *
Erica hits you with a +2 scimitar of flaming!
* * * LOW HITPOINT WARNING * * *
Erica burns you.
* * * LOW HITPOINT WARNING * * *
You feel very sick.
Erica zaps a wand.
You shrug off the repeated paralysis!
The wight hits you with a +0 dagger.
* * * LOW HITPOINT WARNING * * *
You die...

.....##...........
..........)<.....[..
#.#######.....#.....
##.#####)......###... .
#.......)......#.#...
..###...............#...
#.......#####.....#.....
#.......#.####..#####...
#....@@..).#...##......
##.....#z[......†.......
#.....)..)......†§......
....#...#...............
... ##..#.............>.
.# #.........!........
...................
#...................
##.#..$.............


You could see Erica (invisible) and a wight.

Vanquished Creatures
  A troll (D:8)
  2 wyverns (D:7)
  3 steam dragons
  Menkaure (D:4)
  A black bear (D:7)
  A sky beast (D:7)
  A phantom (D:5)
  3 kobold brigands (D:7)
  3 bullfrogs
  3 necrophages
  4 scorpions
  A gnoll sergeant (D:7)
  7 wights
  3 killer bees (D:8)
  A gnoll bouda (D:7)
  6 hounds
  2 orc priests
  2 iguanas (D:5)
  Jessica (D:3)
  4 orc wizards
  5 adders
  6 gnolls
  3 shadow imps
  A white imp (D:7)
  2 ufetubi
  4 worms
  2 dart slugs
  11 orcs
  6 ball pythons
  9 endoplasms
  11 giant cockroaches
  11 goblins
  14 hobgoblins
  4 jackals (D:5)
  8 kobolds
  4 quokkas
  9 bats
  3 frilled lizards
  6 rats
169 creatures vanquished.

Vanquished Creatures (others)
  A plant (D:5)
1 creature vanquished.

Grand Total: 170 creatures vanquished

Notes
Turn   | Place    | Note
-------+----------+-------------------------------------------
     0 | D:1      | wormed the Troll Gladiator began the quest for the Orb.
     0 | D:1      | Reached XP level 1. HP: 19/19 MP: 0/0
   208 | D:1      | Reached XP level 2. HP: 28/28 MP: 1/1
   497 | D:1      | Found a faded altar of an unknown god.
  1094 | D:2      | Reached XP level 3. HP: 33/35 MP: 2/2
  1355 | D:2      | Reached skill level 4 in Unarmed Combat
  1544 | D:2      | Reached XP level 4. HP: 39/42 MP: 3/3
  1844 | D:2      | Found an opulent altar of Gozag.
  2029 | D:3      | Noticed Jessica
  2033 | D:3      | Killed Jessica
  2128 | D:3      | Reached skill level 5 in Unarmed Combat
  2259 | D:3      | Reached XP level 5. HP: 49/49 MP: 4/4
  2481 | D:3      | Found a white marble altar of Elyvilon.
  2592 | D:3      | Found Anwukluvyi's Magic Scroll Emporium.
  2610 | D:3      | Bought a scroll of identify for 22 gold pieces
  2610 | D:3      | Bought a scroll of blinking for 82 gold pieces
  2725 | D:3      | Became a worshipper of Elyvilon the Healer
  3047 | D:4      | Reached skill level 6 in Unarmed Combat
  3053 | D:4      | Reached XP level 6. HP: 18/57 MP: 5/5
  3445 | D:4      | Found a blossoming altar of Fedhas.
  3447 | D:4      | Found a sparkling altar of Nemelex Xobeh.
  3447 | D:4      | Found a hazy altar of Hepliaklqana.
  3448 | D:4      | Found a snail-covered altar of Cheibriados.
  3448 | D:4      | Found a glowing golden altar of the Shining One.
  3448 | D:4      | Found a shimmering blue altar of Sif Muna.
  3448 | D:4      | Found a basalt altar of Yredelemnul.
  3485 | D:4      | Reached * piety under Elyvilon
  3599 | D:4      | Noticed Menkaure
  3605 | D:4      | Killed Menkaure
  3606 | D:4      | Reached skill level 7 in Unarmed Combat
  4050 | D:5      | Entered Level 5 of the Dungeon
  4113 | D:5      | Reached XP level 7. HP: 40/65 MP: 6/6
  4261 | D:5      | Reached skill level 8 in Unarmed Combat
  4363 | D:5      | Reached skill level 1 in Invocations
  4416 | D:5      | Found a staircase to the Ecumenical Temple.
  4501 | D:5      | Reached ** piety under Elyvilon
  4802 | Temple   | Entered the Ecumenical Temple
  5129 | D:6      | Reached XP level 8. HP: 67/74 MP: 9/9
  5593 | D:7      | HP: 3/75 [wyvern (15)]
  6150 | D:7      | Reached skill level 9 in Unarmed Combat
  6183 | D:7      | Reached *** piety under Elyvilon
  6295 | D:7      | HP: 1/79 [gnoll sergeant/+0 trident (10)]
  6384 | D:7      | Reached XP level 9. HP: 64/87 MP: 11/11
  6394 | D:7      | Reached skill level 5 in Fighting
  6397 | D:7      | Elyvilon protects you from harm!
  6399 | D:7      | Elyvilon protects you from harm!
  6399 | D:7      | HP: 4/82 [wight/+0 battleaxe (5)]
  6441 | D:7      | Reached skill level 10 in Unarmed Combat
  6738 | D:8      | Noticed a troll
  6844 | D:8      | Killed a troll
  7040 | D:8      | Noticed Erica
  7049 | D:8      | Paralysed by Erica for 4 turns
  7051 | D:8      | HP: 2/91 [wight/+0 dagger (4)]
  7052 | D:8      | Succumbed to Erica's bolt of poison

Illustrated notes

Levels and vault maps discovered:
D:1:      lemuel_arrival_rhombus, layout_basic,
          dreamdust_ecumenical_altar_angels_and_demons, serial_forest,
          infiniplex_forest_lined_3, infiniplex_forest_clump_long,
          infiniplex_forest_clump_small, infiniplex_forest_3_way,
          infiniplex_forest_end_double, infiniplex_forest_lined_3_way,
          st_stairs_2, dreamdust_wishing_well, nicolae_titane
D:2:      minmay_roachtagon, layout_loops_corners, basic_altar, st_stairs_3,
          minmay_misc_feat_alley, minmay_puff
D:3:      layout_basic, mainiacjoe_overflow_24_doors, serial_shops, shop,
          minmay_fractal_squares_gapless_5, uniq_jessica
D:4:      layout_layer_cave, grunt_temple_overflow_open, uniq_menkaure
D:5:      layout_basic, minmay_temple_entry_arrows, saegor_snake_ambush
D:6:      layout_rooms
D:7:      minmay_octagon_keep, layout_basic, enter_bailey_4,
          chequers_serial_rivers_small_a, hangedman_decor_riveting,
          minmay_misc_feat_five
D:8:      layout_cave_pools, uniq_erica
Temple:   dshaligram_water_room_temple

Skill      XL: |  1  2  3  4  5  6  7  8  9 |
---------------+----------------------------+-----
Throwing       | 2 |  2.0
Fighting       | 2 4 7 |  7.8
Unarmed Combat | 4 5 6 7 8 9 10 | 10.0
Dodging        | 3 |  3.0
Invocations    | 3 4 |  4.0

Action                   |  1- 3 |  4- 6 |  7- 9 || total
-------------------------+-------+-------+-------++-------
Melee: Unarmed           |    96 |   179 |   253 ||   528
       Punch             |       |     2 |     5 ||     7
Throw: Throwing net      |       |       |     1 ||     1
       Large rock        |       |       |     1 ||     1
Invok: Heal Other        |       |       |     2 ||     2
       Heal Self         |       |       |     3 ||     3
  Use: Potion            |       |     5 |     6 ||    11
       Scroll            |       |       |     6 ||     6
 Stab: Sleeping          |     1 |     2 |       ||     3
       Held in net/web   |       |       |     1 ||     1
Armor: Robe              |    33 |    42 |    44 ||   119
       Troll leather arm |       |       |    10 ||    10
Dodge: Dodged            |    46 |    89 |   123 ||   258
Block: Other             |       |       |    46 ||    46
       Reflection        |       |       |     1 ||     1
